AoeStats
← GenghisKhan7734

Arena

508510516Analyzed
1v1 RM · 9d ago on Sep 22, 2026· 31m 53s· 2 players
Game mode
Random Map
Map size
Tiny (2 player)
Population
200
Speed
Normal
Resources
Standard
Victory
Conquest
Starting age
Dark Age
Ending age
Imperial Age
RankedLock teamsTeams togetherTeam positionsShared explorationLock speedFull tech treeHidden civsTurbo modeCheats
Victory
Defeat
🇩🇪 Celts · Germany
526
+18
🇰🇿 Japanese · Kazakhstan
580
-18
d.olla
1:54 Loom
10:30 Feudal Age
11:12 Double-Bit Axe
11:12 Horse Collar
17:26 Gold Mining
17:55 Stone Mining
20:52 Castle Age
19:25 Scale Mail Armor
20:46 Man-at-Arms
21:40 Pikeman
22:08 Gambesons
22:57 Heavy Plow
23:33 Bow Saw
24:39 Wheelbarrow
25:33 Long Swordsman
28:01 Stronghold
GenghisKhan7734
11:06 Feudal Age
16:38 Castle Age
15:37 Man-at-Arms
18:16 Long Swordsman
19:40 Crossbowman
26:09 Thumb Ring
26:55 Forging
26:36 Fletching
28:39 Gambesons
29:17 Bodkin Arrow
29:57 Iron Casting
Connection lost

Rejoining the realm…

Still unreachable

The connection could not be restored.

Session expired

The server has moved on; the page needs a fresh start.